 Dungeon Crawl Stone Soup version 0.31-a0-521-gc7390f8997 (webtiles) character file.

Game seed: 333326427944609899

2660 kae the Mimic (level 9, -6/59 HPs)
             Began as a Demonspawn Shapeshifter on Aug 10, 2023.
             Was an Initiate of Wu Jian.
             Mangled by an orc warrior
             ... wielding a +0 trident
              (14 damage)
             ... on level 8 of the Dungeon.
             The game lasted 00:07:26 (6685 turns).

kae the Mimic (Demonspawn Shapeshifter)             Turns: 6685, Time: 00:07:26

Health: -6/59      AC:  5    Str: 15    XL:     9   Next: 36%
Magic:  9/9        EV: 17    Int: 10    God:    Wu Jian [......]
Gold:   402        SH:  0    Dex: 18    Spells: 8/8 levels left

rFire   . .          .
                       - Unarmed
rCold   . . .        (no shield)
rNeg    . . .        a - +1 animal skin
rPois   .            (helmet currently unavailable)
rElec   .            (cloak currently unavailable)
rCorr   .            (gloves currently unavailable)
SInv    .            (boots currently unavailable)
Will    +....        (no amulet)
Stlth   ++           E - +5 ring of evasion
HPRegen 0.29/turn    x - ring of willpower
MPRegen 0.11/turn

%: no passive effects
@: beast-form
A: beast (slay +4), horns 1, molten scales 1, demonic magic 2
a: Begin Untransformation, Renounce Religion


You were on level 8 of the Dungeon.
You worshipped Wu Jian.
Wu Jian was noncommittal.
You were a hulking beast.
You visited 2 branches of the dungeon, and saw 9 of its levels.

You collected 402 gold pieces.


Innate Abilities, Weirdness & Mutations

You are a hulking beast.
Your limbs bulge with bestial killing power. (Slay +4)
You have a pair of small horns on your head.
You are partially covered in molten scales. (AC +2)
Spells you cast may paralyse nearby enemies.


   Skills:
 - Level 1.0 Fighting
 - Level 1.7 Dodging
 + Level 7.4 Unarmed Combat
 * Level 8.5 Shapeshifting


You had 8 spell levels left.
You didn't know any spells.
Your spell library contained the following spells:

 Spells                   Type           Power      Damage    Failure   Level
 Apportation              Tloc           0%         N/A       36%         1
 Necrotise                Necr           0%         1d4       36%         1
 Summon Small Mammal      Summ           0%         N/A       36%         1
 Cigotuvi's Dreadful Rot  Necr/Pois/Air  0%         N/A       50%         2
 Call Canine Familiar     Summ           0%         N/A       75%         3
 Summon Guardian Golem    Hex/Summ       0%         N/A       75%         3
 Tukima's Dance           Hex            0%         N/A       75%         3
 Vampiric Draining        Necr           0%         2d6       75%         3
 Dispel Undead            Necr           0%         3d6       98%         4
 Passage of Golubria      Tloc           0%         N/A       98%         4
 Agony                    Necr           0%         N/A       100%        5
 Yara's Violent Unravell  Hex/Tmut       0%         3d3       100%        5
 Death Channel            Necr           0%         N/A       100%        6

Inventory:

Hand Weapons
 j - a +0 rapier
   (You found it on level 1 of the Dungeon)
Missiles
 f - 13 poisoned darts
 m - 56 stones
 t - a throwing net {=f!f}
 u - 5 javelins
Armour
 a - a +1 animal skin (worn)
Jewellery
 x - a ring of willpower (right hand)
   (You found it on level 7 of the Dungeon)
 C - a ring of ice
   (You found it on level 4 of the Dungeon)
 D - a +6 ring of dexterity
   (You found it on level 1 of the Dungeon)
 E - a +5 ring of evasion (left hand)
   (You found it on level 7 of the Dungeon)
 N - a ring of positive energy
   (You found it on level 7 of the Dungeon)
 O - a +4 ring of protection
   (You found it on level 8 of the Dungeon)
 R - a ring of resist corrosion
   (You found it on level 4 of the Dungeon)
 S - a +6 ring of strength
   (You found it on level 6 of the Dungeon)
Talismans
 c - a beast talisman (active)
 d - a flux talisman
Wands
 b - a wand of flame (69)
   (You took it off Ijyb on level 5 of the Dungeon)
 l - a wand of polymorph (14)
   (You found it on level 2 of the Dungeon)
 r - a wand of iceblast (26)
   (You found it on level 6 of the Dungeon)
 z - a wand of digging (3)
   (You found it on level 8 of the Dungeon)
Scrolls
 e - 5 scrolls of fog
 o - a scroll of fear
 p - 2 scrolls of blinking {!r}
 q - 2 scrolls of teleportation {@r4}
 v - 4 scrolls of identify {@r1}
 w - a scroll of poison {!r}
 y - a scroll of summoning
Potions
 g - a potion of enlightenment
 h - a potion of invisibility
 i - a potion of degeneration {!q}
 k - a potion of haste {@q3}
 n - a potion of mutation {unknown}
 s - a potion of curing {@q1}

Dungeon Overview and Level Annotations

Branches:
Dungeon (8/15) Zot: 26182  Temple (1/1) D:7 Zot: 5967
   Lair: D:8-11

Altars:
Ashenzari
Cheibriados
Dithmenos
Fedhas
Gozag
Hepliaklqana
Kikubaaqudgha
Makhleb
Nemelex Xobeh
Okawaru
Qazlal
Ru
Sif Muna
Trog
Uskayaw
Wu Jian
Xom
Yredelemnul

Portals:
Abyss: D:6

Annotations:
D:6 2 transporters, Shym's ghost, novice DjFE
D:8 3 runed translucent doors, exclusion: death yak, Crownlay's ghost, novice OpEE

....#.#### #.# #####.#.#.#
#..).....# #.# ..# #.#.#..
#........# #.# #.###.#.###
.........# #.# ....#.#.#
.).##'#### #.# #.#.#.#.###
.).##.######### #.# #.#.#.#....
...##.........# #.# #.#.#......
#'###########.####.####.#.###..#.
...............oh..)....>........
#.#.#######.#.#.####.##....#.#.#.
#...........#.#.# #.#.......#.#.
###.###...###.#.# #.###...###.#.
....###...#.#.#.# #.###...#.#...
....#.'...'.#.#.# ##.......#.....
....#.#...#.#.#.# #.8########....
###.#.#.....#.#.# #..#..... ####.
# #.#.###.#.#.#.# #..#..##. #..#.


You could see an orc warrior.


Message History

You lunge at the orc wizard.
The orc shouts!
You hit the orc wizard. You headbutt the orc wizard!
You kill the orc wizard!
The Council accepts your kill.
You closely miss the orc. The orc hits you with a +0 falchion.
The orc completely misses you.
You hit the orc. Your punch misses the orc.
The orc closely misses you. 😕 HP[-3]
You take 3 damage, and now have 56/59 hp.
You punch the orc!
You kill the orc!
The Council accepts your kill. The orc hits you but does no damage.
The orc completely misses you.
You punch the orc!
You kill the orc!
The Council accepts your kill. The orc completely misses you.
You hit the orc. You headbutt the orc.
You kill the orc!
The Council accepts your kill.
No target in view! 😕 HP[+1] Key pressed, stopping explore.
No target in view!
No target in view! 😕 HP[+1] Key pressed, stopping explore.
No target in view!
No target in view!
m - 56 stones (gained 6)
Things that are here:
a +0 mace; an orc corpse
z - a wand of digging (3) 😎 HP[+1]
Your hp is fully restored (59).
Things that are here:
a +0 club; a +0 leather armour; an orc corpse An orc warrior is nearby!
An orc warrior is nearby!
An orc warrior is nearby!
No target in view!
No target in view!
No target in view!
An orc is nearby!
An orc is nearby!
The orc shouts!
You hear a shout! x2
The orc misses you.
The orc hits you with a +0 trident! 😕 HP[-8]
You take 8 damage, and now have 51/59 hp.
You punch the orc!
You kill the orc!
The Council accepts your kill. The orc priest closely misses you.
The orc warrior barely misses you.
The orc priest invokes the aid of Beogh against you.
Beogh smites you! 😮 HP[-15]
You take 15 damage, and now have 36/59 hp.
MASSIVE DAMAGE!! (PAUSE)
You hit the orc priest. You headbutt the orc priest!
You kill the orc priest!
The Council accepts your kill.
The orc warrior closely misses you. 😮 HP[+1] Unknown command.
You lunge at the orc warrior.
You hit the orc warrior but do no damage.
You punch the orc warrior, but do no damage.
The orc warrior hits you with a +0 trident!
* * * LOW HITPOINT WARNING * * *
Things that are here:
a +0 trident; a +0 leather armour; an orc corpse 😨 HP[-10]
You take 10 damage, and now have 27/59 hp.
You hit the orc warrior but do no damage.
The orc warrior hits you with a +0 trident!
* * * LOW HITPOINT WARNING * * *
😨 HP[-9]
You take 9 damage, and now have 18/59 hp.
Unknown command.
You hit the orc warrior.
You headbutt the orc warrior, but do no damage.
The orc warrior barely misses you.
You barely miss the orc warrior.
The orc warrior barely misses you. 😨 HP[+1] Unknown command.
You hit the orc warrior. You headbutt the orc warrior.
Unknown command.
You punch the orc warrior!
You headbutt the orc warrior, but do no damage.
You punch the orc warrior.
The orc warrior hits you with a +0 trident!
* * * LOW HITPOINT WARNING * * *
😱 HP[-11]
You take 11 damage, and now have 8/59 hp.
You closely miss the orc warrior. Your headbutt misses the orc warrior.
The orc warrior hits you with a +0 trident!
You die...

Skill      XL: |  1  2  3  4  5  6  7  8  9 |
---------------+----------------------------+-----
Shapeshifting  | 3 4 5 6 7 8 |  8.5
Unarmed Combat | 3 4 5 6 7 |  7.4
Fighting       | |  1.0
Dodging        | |  1.7

Action                     |  1- 3 |  4- 6 |  7- 9 || total
---------------------------+-------+-------+-------++-------
  Melee: Rapier            |    49 |   133 |    17 ||   199
         Unarmed           |     3 |       |   191 ||   194
         Punch             |     1 |     3 |    14 ||    18
         Headbutt          |     5 |    28 |    37 ||    70
Ability: Lunge             |       |       |     4 ||     4
  Evoke: Wand              |       |     3 |     1 ||     4
    Use: Scroll            |     7 |     2 |     6 ||    15
         Potion            |       |     5 |     2 ||     7
   Stab: Sleeping          |     2 |     3 |       ||     5
         Distracted        |     1 |     1 |       ||     2
 Armour: Animal skin       |     7 |    28 |    32 ||    67
         Skin              |       |       |    27 ||    27
  Dodge: Dodged            |    35 |    72 |   114 ||   221

Levels and vault maps discovered:
D:1:      heliophobic_arrival_battle_scene, layout_rooms,
          hellmonk_ecumenical_altar_run_dry
D:2:      layout_loops_ring, serial_rivers, chequers_serial_rivers_room_b,
          chequers_serial_rivers_large_b, chequers_serial_rivers_large_a,
          chequers_serial_rivers_room_b, grunt_decor_cap
D:3:      minmay_razor_zed, layout_loops_cross
D:4:      layout_loops_cross
D:5:      layout_loops_ring, uniq_menkaure, uniq_pikel, uniq_edmund, uniq_ijyb
D:6:      layout_loops_ring, mainiacjoe_overflow_small_starburst,
          gammafunk_ghost_abyssal_escape, kennysheep_small_square
D:7:      layout_basic, minmay_temple_entry_crystal_x
D:8:      layout_basic, nicolae_ru_awakened_eye, dpeg_lair_monsters,
          biasface_ghost_orc_armoury, uniq_grum
Temple:   hellmonk_temple_of_storms

Notes
Turn   | Place    | Note
-------+----------+-------------------------------------------
     0 | D:1      | kae the Demonspawn Shapeshifter began the quest for the
                  | Orb.
     0 | D:1      | Reached XP level 1. HP: 15/15 MP: 1/1
     0 | D:1      | magus.rc [v1.11.3]
    87 | D:1      | Found a faded altar of an unknown god.
   255 | D:1      | You add the spells Tukima's Dance, Passage of Golubria and
                  | Yara's Violent Unravelling to your library.
   482 | D:2      | Gained mutation: You have a pair of small horns on your
                  | head. [demonic ancestry]
   482 | D:2      | Reached XP level 2. HP: 15/21 MP: 2/2
   498 | D:2      | Reached skill level 3 in Shapeshifting
   573 | D:2      | Reached skill level 3 in Unarmed Combat
   580 | D:2      | You pick up a book of Necromancy and begin reading...
   580 | D:2      | You add the spells Necrotise, Vampiric Draining and Agony
                  | to your library.
   716 | D:2      | You pick up a book of Cantrips and begin reading...
   716 | D:2      | You add the spells Summon Small Mammal and Apportation to
                  | your library.
  1199 | D:3      | Gained mutation: You are partially covered in molten
                  | scales. (AC +2) [demonic ancestry]
  1199 | D:3      | Reached XP level 3. HP: 26/26 MP: 3/3
  1224 | D:3      | Reached XP level 4. HP: 30/32 MP: 4/4
  2137 | D:4      | Noticed a bullfrog
  2143 | D:4      | Killed a bullfrog
  2144 | D:4      | Reached skill level 4 in Shapeshifting
  2144 | D:4      | Reached XP level 5. HP: 31/37 MP: 5/5
  2217 | D:4      | Reached skill level 4 in Unarmed Combat
  2352 | D:4      | HP: 8/37 [poisoned by a scorpion]
  2353 | D:4      | Reached XP level 6. HP: 10/43 MP: 6/6
  2596 | D:4      | Reached skill level 5 in Shapeshifting
  2602 | D:4      | HP: 4/43 [orc priest/nerve-wracking pain (8)]
  2605 | D:4      | HP: 1/43 [something (4)]
  2696 | D:4      | You pick up a book of Callings and begin reading...
  2696 | D:4      | You add the spells Call Canine Familiar and Summon Guardian
                  | Golem to your library.
  2937 | D:5      | Entered Level 5 of the Dungeon
  2950 | D:5      | HP: 10/43 [poisoned by a scorpion]
  2950 | D:5      | HP: 3/43 [scorpion (2)]
  2955 | D:5      | HP: 7/43 [poisoned by a scorpion]
  3109 | D:5      | Noticed Edmund
  3122 | D:5      | HP: 5/43 [Edmund/+4 dire flail of protection (14)]
  3124 | D:5      | Killed Edmund
  3124 | D:5      | Noticed a water moccasin
  3125 | D:5      | Reached XP level 7. HP: 8/48 MP: 7/7
  3130 | D:5      | HP: 6/72 [water moccasin (3)]
  3131 | D:5      | Noticed Ijyb
  3137 | D:5      | HP: 2/72 [water moccasin (6)]
  3143 | D:5      | HP: 7/72 [water moccasin (5)]
  3149 | D:5      | HP: 5/72 [water moccasin (3)]
  3151 | D:5      | Noticed Pikel
  3153 | D:5      | Reached skill level 5 in Unarmed Combat
  3160 | D:5      | Killed Ijyb
  3181 | D:5      | HP: 6/72 [lemure[Pikel] (6)]
  3182 | D:5      | Killed Pikel
  3183 | D:5      | Reached skill level 6 in Shapeshifting
  3183 | D:5      | Gained mutation: Spells you cast may paralyse adjacent
                  | enemies. [demonic ancestry]
  3183 | D:5      | Reached XP level 8. HP: 7/54 MP: 8/8
  3369 | D:5      | Identified the +3 spear of Cagot {freeze, rPois rN+ Str+4}
  3373 | D:5      | Reached skill level 6 in Unarmed Combat
  3434 | D:5      | Reached skill level 7 in Shapeshifting
  3771 | D:5      | Noticed Menkaure
  3778 | D:5      | Killed Menkaure
  4039 | D:6      | Found a transporter.
  4071 | D:6      | You pick up a book of Decay and begin reading...
  4071 | D:6      | You add the spells Cigotuvi's Dreadful Rot, Dispel Undead
                  | and Death Channel to your library.
  4074 | D:6      | Noticed a smoke demon
  4100 | D:6      | Noticed Shym's ghost (novice DjFE)
  4151 | D:6      | Found a one-way gate to the infinite horrors of the Abyss.
  4151 | D:6      | Noticed a raiju
  4154 | D:6      | Found a stormy altar of Qazlal.
  4316 | D:6      | Found a transporter.
  4463 | D:6      | Gained mutation: Spells you cast may paralyse nearby
                  | enemies. [demonic ancestry]
  4463 | D:6      | Reached XP level 9. HP: 43/59 MP: 9/9
  4728 | D:6      | Reached skill level 8 in Shapeshifting
  5245 | D:7      | Reached skill level 7 in Unarmed Combat
  5462 | D:7      | Found a staircase to the Ecumenical Temple.
  5585 | Temple   | Entered the Ecumenical Temple
  5607 | Temple   | Became a worshipper of the Wu Jian Council
  6214 | D:8      | Found a runed translucent gate.
  6214 | D:8      | Noticed Crownlay's ghost (novice OpEE)
  6215 | D:8      | Found a runed translucent gate.
  6216 | D:8      | Found a runed translucent gate.
  6216 | D:8      | Identified the +7 chain mail of Refam {rPois Int+3}
  6303 | D:8      | Noticed a death yak
  6350 | D:8      | HP: 12/59 [orc warrior/+0 trident (11)]
  6576 | D:8      | Found a sacrificial altar of Ru.
  6684 | D:8      | HP: 8/59 [orc warrior/+0 trident (11)]
  6685 | D:8      | Mangled by an orc warrior

Vanquished Creatures
  Pikel (D:5)
  Edmund (D:5)
  Menkaure (D:5)
  A water moccasin (D:5)
  2 ice beasts
  A black bear (D:5)
  A boggart (D:4)
  2 centaurs
  2 ogres
  A phantom (D:5)
  2 bullfrogs
  2 scorpions
  2 howler monkeys
  A jelly (D:6)
  6 orc priests
  3 hounds
  A gnoll bouda (D:7)
  A sleepcap (D:6)
  Ijyb (D:5)
  3 iguanas
  8 orc wizards
  3 gnolls (D:7)
  4 adders
  2 white imps
  A worm (D:3)
  3 dart slugs
  23 orcs
  6 ball pythons
  4 endoplasms
  5 giant cockroaches
  3 goblins
  7 hobgoblins
  4 kobolds
  A quokka (D:1)
  3 bats
  2 frilled lizards
  7 rats
121 creatures vanquished.

Vanquished Creatures (collateral kills)
  A goblin (D:2)
1 creature vanquished.

Grand Total: 122 creatures vanquished

Table legend:
 A = Non-vault XP
 B = Vault XP
 C = Vault XP percentage of total XP
 D = Non-vault monster count
 E = Vault monster count
 F = Vault count percentage of total count
                 A         B        C        D         E       F
            +---------+---------+-------+---------+---------+-------
      Total |    2738 |    1062 |  27.9 |     106 |      16 |  13.1
            +---------+---------+-------+---------+---------+-------
        D:1 |      10 |       0 |   0.0 |       5 |       0 |   0.0
        D:2 |      25 |       0 |   0.0 |      14 |       0 |   0.0
        D:3 |      91 |      20 |  18.0 |      18 |      11 |  37.9
        D:4 |     485 |       0 |   0.0 |      19 |       0 |   0.0
        D:5 |     891 |     999 |  52.9 |      15 |       4 |  21.1
        D:6 |     451 |      43 |   8.7 |      11 |       1 |   8.3
        D:7 |     550 |       0 |   0.0 |      13 |       0 |   0.0
        D:8 |     235 |       0 |   0.0 |      11 |       0 |   0.0
            +---------+---------+-------+---------+---------+-------

Skill      XL: |  1  2  3  4  5  6  7  8  9 |
---------------+----------------------------+-----
Shapeshifting  | 3 4 5 6 7 8 |  8.5
Unarmed Combat | 3 4 5 6 7 |  7.4
Fighting       | |  1.0
Dodging        | |  1.7

Action                     |  1- 3 |  4- 6 |  7- 9 || total
---------------------------+-------+-------+-------++-------
  Melee: Rapier            |    49 |   133 |    17 ||   199
         Unarmed           |     3 |       |   191 ||   194
         Punch             |     1 |     3 |    14 ||    18
         Headbutt          |     5 |    28 |    37 ||    70
Ability: Lunge             |       |       |     4 ||     4
  Evoke: Wand              |       |     3 |     1 ||     4
    Use: Scroll            |     7 |     2 |     6 ||    15
         Potion            |       |     5 |     2 ||     7
   Stab: Sleeping          |     2 |     3 |       ||     5
         Distracted        |     1 |     1 |       ||     2
 Armour: Animal skin       |     7 |    28 |    32 ||    67
         Skin              |       |       |    27 ||    27
  Dodge: Dodged            |    35 |    72 |   114 ||   221

Illustrated notes

Table legend:
 A = Kills in this place as a percentage of kills in the entire game.
 B = Kills by you in this place as a percentage of kills by you in the entire game.
 C = Kills by friends in this place as a percentage of kills by friends in the entire game.
 D = Other kills in this place as a percentage of other kills in the entire game.
 E = Experience gained in this place as a percentage of experience gained in the entire game.
 F = Experience gained in this place divided by the number of levels of this place that you have seen.
                   A       B       C       D       E      F
               +-------+-------+-------+-------+-------+----------------------
         Total | 100.0 | 100.0 | 100.0 |   N/A | 100.0 | 422.2
       Dungeon | 100.0 | 100.0 | 100.0 |   N/A | 100.0 | 475.0
               +-------+-------+-------+-------+-------+----------------------

Table legend: (Time is in decaauts)
 A = Elapsed time spent in this place.
 B = Non-inter-level travel time spent in this place.
 C = Inter-level travel time spent in this place.
 D = Time resting spent in this place.
 E = Time spent auto-exploring this place.
 F = Levels seen in this place.
 G = Mean time per level.
                   A        B        C        D        E       F      G
               +--------+--------+--------+--------+--------+-----+--------+
         Total |   6718 |   6430 |    288 |    745 |   4732 |   9 |  746.4 |
       Dungeon |   6686 |   6408 |    278 |    745 |   4732 |   8 |  835.8 |
        Temple |     32 |     22 |     10 |      0 |      0 |   1 |   32.0 |
               +--------+--------+--------+--------+--------+-----+--------+

Top non-repeatable levels by time:
     D:5: 991 daAuts
     D:4: 970 daAuts
     D:3: 907 daAuts
     D:7: 899 daAuts
     D:6: 891 daAuts
     D:8: 816 daAuts
     D:2: 745 daAuts
     D:1: 465 daAuts
  Temple: 32 daAuts
